 Dungeon Crawl Stone Soup version 0.18.1-2-ga659475 (webtiles) character file.

1589 Implojin the Martial Artist (level 8, -2/64 HPs)
             Began as a Mummy Monk on May 8, 2016.
             Slain by a killer bee (4 damage)
             ... on level 7 of the Dungeon.
             The game lasted 00:31:22 (11124 turns).

Implojin the Martial Artist (Mummy Monk)           Turns: 11124, Time: 00:31:22

Health: -2/64      AC:  5    Str: 14    XL:     8   Next: 61%
Magic:  8/8        EV: 14    Int: 10    God:
Gold:   164        SH:  3    Dex: 16    Spells: 0 memorised, 7 levels left

rFire  x . .     SeeInvis .       - Unarmed
rCold  + . .     Gourm    .     (no armour)
rNeg   + + +     Faith    .     n - +0 buckler {its buckler time baby}
rPois  ∞         Spirit   .     (no helmet)
rElec  .         Dismiss  .     l - +1 cloak
rCorr  .         Reflect  .     m - +0 pair of gloves
SustAt .         Harm     .     (no boots)
MR     +....                    (no amulet)
Stlth  ++........               r - +2 ring of protection
                                s - +1 ring of evasion

@: about to teleport, somewhat resistant to hostile enchantments, unstealthy
A: no food or potions, fire vulnerability, cold resistance 1, negative energy
resistance 3, torment resistance, unbreathing
a: no special abilities


You were on level 7 of the Dungeon.
You were not hungry.

You visited 1 branch of the dungeon, and saw 7 of its levels.

You collected 320 gold pieces.
You spent 156 gold pieces at shops.

Inventory:

Armour
 l - a +1 cloak (worn)
 m - a +0 pair of gloves (worn)
 n - a +0 buckler (worn) {its buckler time baby}
 v - a +0 pair of gloves
Jewellery
 b - an uncursed amulet of guardian spirit {unknown}
 d - an uncursed ring of see invisible
 r - a +2 ring of protection (right hand)
 s - a +1 ring of evasion (left hand)
 t - an uncursed amulet of the gourmand {unknown}
 w - an uncursed ring of ice {unknown}
 x - an uncursed ring of stealth {unknown}
Wands
 c - a wand of paralysis (7/24)
 u - a wand of paralysis (12/24)
Scrolls
 e - a scroll of recharging {unknown}
 f - 4 scrolls of enchant weapon
 g - a scroll of immolation
 j - a scroll of random uselessness {unknown}
 o - 2 scrolls of noise {unknown}
Books
 q - a book of Death

   Spells                             Type                      Level
   a - Corpse Rot                     Necromancy                   2
   b - Sublimation of Blood           Necromancy                   2
   c - Agony                          Necromancy                   5
   d - Dispel Undead                  Necromancy                   5
   e - Excruciating Wounds            Charms/Necromancy            5
   f - Bolt of Draining               Conjuration/Necromancy       5
Comestibles
 a - 7 meat rations
 h - 5 bread rations (quivered)
 i - 2 slices of pizza
 k - 2 royal jellies


   Skills:
 - Level 6.1 Fighting
 * Level 4.1 Dodging
 - Level 1.5 Stealth
 - Level 8.0 Unarmed Combat


You had 7 spell levels left.
You didn't know any spells.

Dungeon Overview and Level Annotations

Branches:
Dungeon (7/15)             Temple (0/1) D:5

Altars:
Fedhas
Xom
Yredelemnul

Shops:
D:5 =

Annotations:
D:4 orc warrior wandering, exclusion: downstairs
D:5 orc warrior, worker ant zombie, exclusion: downstairs
D:6 2 black bears, 1 staircamp, 1 sleep, exclusions: black bear and 8 more exclusions


Innate Abilities, Weirdness & Mutations

You do not eat or drink.
Your flesh is vulnerable to fire.
You are immune to poison.
Your flesh is cold resistant.
You are immune to negative energy.
You are immune to unholy pain and torment.
You can survive without breathing.


Message History

You miss the killer bee.
The killer bee is heavily wounded.
The killer bee barely misses you. The killer bee stings you!
* * * LOW HITPOINT WARNING * * *
You miss the killer bee.
The killer bee is heavily wounded.
The killer bee stings you.
* * * LOW HITPOINT WARNING * * *
The killer bee stings you but does no damage.
You hit the killer bee but do no damage.
The killer bee is heavily wounded.
The killer bee closely misses you. The killer bee barely misses you.
Unknown command.
The killer bee stings you!
* * * LOW HITPOINT WARNING * * *
The killer bee stings you.
* * * LOW HITPOINT WARNING * * *
Read which item? (? for menu, Esc to quit)
Okay, then.
You barely miss the killer bee.
The killer bee is heavily wounded.
The killer bee barely misses you.
Unknown command.
Unknown command.
Read which item? (? for menu, Esc to quit)
Okay, then.
Read which item? (? for menu, Esc to quit)
Okay, then.
Unknown command.
You closely miss the killer bee.
The killer bee is heavily wounded.
The killer bee stings you.
* * * LOW HITPOINT WARNING * * *
The killer bee stings you.
* * * LOW HITPOINT WARNING * * *
Read which item? (? for menu, Esc to quit)
As you read the scroll of teleportation, it crumbles to dust.
You feel strangely unstable. The killer bee barely misses you.
The killer bee stings you.
You die...

#..#.##....
#.........#
#..<.......
#.........#
#...###....
#.........###
...... .
#...........#
....#..
#...........######
###. ...
+..........(#....#
## ..#.
#.#######.(.#.##.#
#....
+...#####.(.#.<#.#
.....
##.@....'y..####.#
.y
#y######...####.#


cyy #....###.####...# #.. ####.#........### ##... #..........###
....y.######.##.......# #...yy......##....##.# #.....########....'..# #..%..
#....#### You could see 2 killer bees.

Vanquished Creatures
  A hippogriff (D:6)
  An ice beast (D:5)
  2 sky beasts
  2 phantoms (D:5)
  An ogre (D:5)
  3 centaurs
  3 scorpions
  A killer bee (D:7)
  2 crimson imps (D:5)
  A centaur zombie (D:5)
  An orc priest (D:5)
  2 giant frog skeletons
  A centaur skeleton (D:5)
  Terence (D:1)
  An iguana (D:6)
  12 adders
  2 oozes
  2 adder skeletons
  4 worms
  2 dart slugs
  4 giant geckos
  15 orcs
  7 giant cockroaches
  4 hobgoblins
  9 jackals
  10 kobolds
  5 quokkas
  6 ball pythons
  6 bats
  A giant gecko zombie (D:6)
  2 giant newts
  5 goblins
  7 rats
126 creatures vanquished.

Vanquished Creatures (others)
  5 sheep (D:3)
  An orc (D:6)
6 creatures vanquished.

Grand Total: 132 creatures vanquished

Notes
Turn   | Place    | Note
--------------------------------------------------------------
     0 | D:1      | Implojin the Mummy Monk began the quest for the Orb.
     0 | D:1      | Reached XP level 1. HP: 18/18 MP: 1/1
   659 | D:1      | Reached XP level 2. HP: 23/24 MP: 2/2
  1209 | D:2      | Found a blossoming altar of Fedhas.
  1304 | D:2      | Reached skill level 4 in Unarmed Combat
  1311 | D:2      | Noticed Terence
  1332 | D:2      | Reached XP level 3. HP: 27/29 MP: 3/3
  3409 | D:3      | Reached XP level 4. HP: 27/35 MP: 4/4
  3946 | D:3      | Reached skill level 5 in Unarmed Combat
  4469 | D:3      | Reached XP level 5. HP: 30/41 MP: 5/5
  4838 | D:3      | Found a shimmering altar of Xom.
  5026 | D:4      | You fall through a shaft!
  5026 | D:5      | Entered Level 5 of the Dungeon
  5630 | D:4      | Found a basalt altar of Yredelemnul.
  5748 | D:5      | Noticed a centaur
  6058 | D:5      | Found Letauho's Jewellery Shoppe.
  6068 | D:5      | Bought a +2 ring of protection for 120 gold pieces
  6068 | D:5      | Bought a +1 ring of evasion for 36 gold pieces
  6136 | D:5      | Reached skill level 6 in Unarmed Combat
  6709 | D:1      | Killed Terence
  6709 | D:1      | Reached XP level 6. HP: 21/47 MP: 6/6
  7135 | D:5      | Reached skill level 4 in Fighting
  7379 | D:5      | Noticed an orc warrior
  7753 | D:5      | Reached skill level 5 in Fighting
  7753 | D:5      | Reached XP level 7. HP: 55/56 MP: 7/7
  8086 | D:3      | Reached skill level 6 in Fighting
  8510 | D:5      | Found a staircase to the Ecumenical Temple.
  8528 | D:5      | Paralysed by a centaur for 3 turns
  8582 | D:5      | Reached skill level 7 in Unarmed Combat
  8882 | D:5      | Reached XP level 8. HP: 45/64 MP: 8/8
  9669 | D:6      | Reached skill level 8 in Unarmed Combat
 10339 | D:6      | Reached skill level 3 in Dodging
 11114 | D:7      | Reached skill level 4 in Dodging
 11123 | D:7      | HP: 1/64 [killer bee (3)]
 11124 | D:7      | Slain by a killer bee

Skill      XL: |  1  2  3  4  5  6  7  8 |
---------------+-------------------------+-----
Unarmed Combat | 4 5 6 7 8 |  8.0
Fighting       | 5 6 |  6.1
Dodging        | 4 |  4.1
Stealth        | |  1.5

Action                   |  1- 3 |  4- 6 |  7- 9 || total
-------------------------+-------+-------+-------++-------
Melee: Unarmed           |   152 |   300 |   223 ||   675
       Punch             |       |     4 |       ||     4
  Use: Scroll            |       |     7 |     1 ||     8
 Stab: Sleeping          |     6 |     3 |       ||     9
       Distracted        |     1 |       |       ||     1
Armor: Skin              |       |    39 |    45 ||    84
Dodge: Dodged            |    95 |   149 |    99 ||   343
Block: Buckler           |       |    17 |    31 ||    48

Table legend:
 A = Turns spent in this place as a percentage of turns spent in the entire game.
 B = Non-inter-level travel turns spent in this place as a percentage of non-inter-level travel turns spent in the entire game.
 C = Inter-level travel turns spent in this place as a percentage of turns spent in this place.
 D = Turns resting spent in this place as a percentage of non-inter-level travel turns spent in this place.
 E = Turns spent auto-exploring this place as a percentage of non-inter-level travel turns spent in this place.
 F = Non-inter-level travel turns spent in this place divided by the number of levels of this place that you've seen.
                   A       B       C       D       E      F
               +-------+-------+-------+-------+-------+----------------------
         Total | 100.0 | 100.0 |   0.5 |   2.9 |   2.7 | 630.9
       Dungeon | 100.0 | 100.0 |   0.5 |   2.9 |   2.7 | 630.9
               +-------+-------+-------+-------+-------+----------------------

Table legend:
 A = Kills in this place as a percentage of kills in entire the game.
 B = Kills by you in this place as a percentage of kills by you in the entire game.
 C = Kills by friends in this place as a percentage of kills by friends in the entire game.
 D = Other kills in this place as a percentage of other kills in the entire game.
 E = Experience gained in this place as a percentage of experience gained in the entire game.
 F = Experience gained in this place divided by the number of levels of this place that you have seen.
                   A       B       C       D       E      F
               +-------+-------+-------+-------+-------+----------------------
         Total | 100.0 | 100.0 |  -nan |  -nan | 100.0 | 324.4
       Dungeon | 100.0 | 100.0 |  -nan |  -nan | 100.0 | 324.4
               +-------+-------+-------+-------+-------+----------------------
